 Dungeon Crawl Stone Soup version 0.32-a0-918-g0f22ef8d61 (webtiles) character file.

Game seed: 763376496189454083

24 IdlyInterested the Trooper (level 2, -3/24 HPs)
             Began as a Demonspawn Fighter on Apr 11, 2024.
             Succumbed to a scorpion's poison
             ... on level 2 of the Dungeon.
             The game lasted 00:03:39 (1587 turns).

IdlyInterested the Trooper (Demonspawn Fighter)     Turns: 1587, Time: 00:03:40

Health: -3/24      AC:  6    Str: 16    XL:     2   Next: 79%
Magic:  2/2        EV:  8    Int:  8    God:
Gold:   58         SH:  4    Dex: 12    Spells: 1/1 levels left

rFire   . . .        g - +0 whip
rCold   . . .        b - +0 buckler
rNeg    . . .        a - +0 scale mail
rPois   .            (helmet restricted)
rElec   .            (no cloak)
rCorr   .            (no gloves)
SInv    .            (no boots)
Will    +....        (no amulet) Stlth
                     (no ring)
HPRegen 0.24/turn    (no ring)
MPRegen 0.08/turn

%: no passive effects
@: lethally poisoned (-3 -> -20), enlightened, flying
A: horns 1
a: no special abilities


You were on level 2 of the Dungeon.
You visited 1 branch of the dungeon, and saw 2 of its levels.

You collected 58 gold pieces.

Inventory:

Hand Weapons
 f - a +0 dagger
 g - a +0 whip (weapon)
 q - a +0 short sword
 r - a +0 short sword
 s - a +0 hand axe
Missiles
 d - 29 stones (quivered)
 k - 6 atropa-tipped darts
Armour
 a - a +0 scale mail (worn)
 b - a +0 buckler (worn)
Talismans
 j - a flux talisman
Scrolls
 l - a scroll of poison {unknown}
 o - 3 scrolls of identify {unknown}
 t - a scroll of enchant armour {unknown}
Potions
 c - a potion of might
 e - a potion of degeneration {unknown}
 h - a potion of cancellation
 i - a potion of magic {unknown}
 m - a potion of curing {unknown}
 n - a potion of berserk rage {unknown}


   Skills:
 + Level 3.3 Fighting
 - Level 1.0 Throwing
 - Level 2.6 Armour
 - Level 1.0 Dodging
 * Level 0.0 Stealth
 * Level 2.9 Shields
 - Level 1.7 Unarmed Combat


You had one spell level left.
You didn't know any spells.
Your spell library was empty.

Dungeon Overview and Level Annotations

Branches:
Dungeon (2/15)

Altars:


Innate Abilities, Weirdness & Mutations

You have a pair of small horns on your head.


Message History

Found a stone staircase leading up.
The hobgoblin attacks as it pursues you!
You block the hobgoblin's attack.
A scorpion comes into view.
The scorpion stings you but does no damage.
The ball python attacks as it pursues you!
You block the ball python's attack. The ball python grabs you.
The ball python constricts you.
You escape the ball python's grasp.
A rat comes into view.
Found a scratched diamond ring.
The rat squeaks loudly.
The scorpion attacks as it pursues you! The scorpion misses you.
An adder comes into view.
The scorpion stings you but does no damage.
The adder hisses angrily.
You hit the scorpion but do no damage. The scorpion stings you.
You barely miss the scorpion. The scorpion stings you.
You closely miss the scorpion. Your headbutt misses the scorpion.
The scorpion stings you but does no damage.
The scorpion stings you.
You are poisoned.
The scorpion poisons you!
You hit the scorpion but do no damage.
You feel very sick. You block the rat's attack. The scorpion stings you.
* * * LOW HITPOINT WARNING * * *
You are more poisoned.
The scorpion poisons you!
A kobold comes into view. It is wielding a +0 dagger.
It was a potion of cancellation.
You feel magically purged.
* * * LOW HITPOINT WARNING * * *
You feel very sick.
The scorpion stings you but does no damage.
You block the rat's attack.
A rat comes into view.
It was a potion of enlightenment.
You feel very buoyant.
You fly up into the air.
You die...

########## #.........
#......... #......?..
##.......%.
###......[...
###............
##########rwg##.......<.
.=K..Sr@sSgK###.........
#..########r# ########..
#..# #. ##..# . #.# .#
.#


You could see a ribbon worm, a scorpion, an adder, a quokka, 2 hobgoblins, a
ball python, 2 kobolds and 2 rats.

Vanquished Creatures
  3 bats (D:1)
  An endoplasm (D:1)
  A giant cockroach (D:1)
  A goblin (D:1)
  3 hobgoblins (D:1)
  3 quokkas (D:1)
  2 ball pythons (D:1)
  4 kobolds (D:1)
  3 rats (D:1)
21 creatures vanquished.

Vanquished Creatures (others)
  A hobgoblin (D:1)
1 creature vanquished.

Grand Total: 22 creatures vanquished

Notes
Turn   | Place    | Note
-------+----------+-------------------------------------------
     0 | D:1      | IdlyInterested the Demonspawn Fighter began the quest for
                  | the Orb.
     0 | D:1      | Reached XP level 1. HP: 18/18 MP: 1/1
   202 | D:1      | Reached skill level 1 in Dodging
   258 | D:1      | Gained mutation: You have a pair of small horns on your
                  | head. [demonic ancestry]
   258 | D:1      | Reached XP level 2. HP: 20/24 MP: 2/2
   689 | D:1      | Reached skill level 1 in Throwing
  1576 | D:2      | Noticed a scorpion
  1586 | D:2      | HP: 1/24 [poisoned by a scorpion]
  1587 | D:2      | Succumbed to a scorpion's poison

Illustrated notes

Levels and vault maps discovered:
D:1:      dpeg_cavernosity, layout_basic, lemuel_flame_loot_1
D:2:      layout_rooms, minmay_distorted

Skill      XL: |  1  2 |
---------------+-------+-----
Dodging        | 1 |  1.0
Throwing       | 1 |  1.0
Fighting       | |  3.3
Armour         | |  2.6
Shields        | |  2.9
Unarmed Combat | |  1.7

Action                     || total
---------------------------++-------
  Melee: Unarmed           ||    68
         Headbutt          ||     8
         Whip              ||     4
    Use: Potion            ||     2
 Armour: Scale mail        ||    55
  Dodge: Dodged            ||    31
  Block: Buckler           ||    15

Table legend: (Time is in decaauts)
 A = Elapsed time spent in this place.
 B = Non-inter-level travel time spent in this place.
 C = Inter-level travel time spent in this place.
 D = Time resting spent in this place.
 E = Time spent auto-exploring this place.
 F = Levels seen in this place.
 G = Mean time per level.
                   A        B        C        D        E       F      G
               +--------+--------+--------+--------+--------+-----+--------+
         Total |   1586 |   1409 |    177 |    180 |    973 |   2 |  793.0 |
       Dungeon |   1586 |   1409 |    177 |    180 |    973 |   2 |  793.0 |
               +--------+--------+--------+--------+--------+-----+--------+

Top non-repeatable levels by time:
     D:1: 1569 daAuts
     D:2: 17 daAuts
